 Dungeon Crawl Stone Soup version 0.29.1-2-gbd0b4ee654 (webtiles) character file.

Game seed: 2230042597965018384

2652 zeram the Covered (level 9, -3/118 HPs)
             Began as a Hill Orc Fighter on Nov 23, 2022.
             Was an Initiate of Gozag.
             Slain by Erica
             ... wielding a +1 scimitar of flaming
              (13 damage)
             ... on level 8 of the Dungeon.
             The game lasted 00:16:37 (9801 turns).

zeram the Covered (Hill Orc Fighter)                Turns: 9801, Time: 00:16:37

Health: -3/118     AC: 24    Str: 23    XL:     9   Next: 62%
Magic:  9/9        EV:  2    Int:  8    God:    Gozag
Gold:   638        SH:  6    Dex: 10    Spells: 8/8 levels left

rFire   x . .      SeeInvis .   u - +2 whip (vamp)
rCold   + . .      Faith    .   c - +1 buckler
rNeg    . . .      Spirit   .   (body armour currently unavailable)
rPois   +          Reflect  .   (helmet currently unavailable)
rElec   .          Harm     .   (cloak currently unavailable)
rCorr   .          Rampage  .   (gloves currently unavailable)
Will    .....      NoTele   +   (boots currently unavailable)
Stlth   ++........              z - amulet of regeneration
HPRegen 1.09/turn               j - +4 ring of evasion
MPRegen 0.11/turn               o - ring of ice

@: tree-form, slowed, very slow
A: stationary, stasis, torment immunity, boosted hp
a: Renounce Religion, Potion Petition, Call Merchant, Bribe Branch


You were on level 8 of the Dungeon.
You worshipped Gozag.
Gozag was pleased with you.
You were a tree.
You visited 2 branches of the dungeon, and saw 9 of its levels.
You also visited: Bailey.

You collected 741 gold pieces.
You spent 29 gold pieces at shops.
You paid 74 gold pieces to Gozag.

Inventory:

Hand Weapons
 a - a +1 war axe of chaos
 k - a +1 dagger of venom
 s - a +0 vorpal spear
 u - a +2 vampiric whip (weapon)
Missiles
 A - 2 throwing nets (quivered)
Armour
 b - a +0 scale mail
 c - a +1 buckler (worn)
 i - a +0 cloak (melded)
 p - +1 fire dragon scales (melded)
Jewellery
 j - a +4 ring of evasion (left branch)
 m - an amulet of magic regeneration
 o - a ring of ice (right branch)
 q - a ring of fire
 y - a ring of positive energy
 z - an amulet of regeneration (around neck)
 B - a ring of positive energy
Wands
 f - a wand of light (1)
 t - a wand of flame (10)
Scrolls
 d - a scroll of immolation {unknown}
 C - 2 scrolls of silence {unknown}
Potions
 e - 4 potions of lignification
 l - a potion of brilliance {unknown}
 r - 2 potions of attraction
 v - 3 potions of magic {unknown}
 w - a potion of degeneration {unknown}
 x - a potion of cancellation {unknown}


   Skills:
 + Level 7.0 Fighting
 + Level 7.0(8.7) Axes
 + Level 6.7(7.7) Maces & Flails
 + Level 7.3 Armour
 + Level 3.0 Dodging
 + Level 1.6 Stealth
 + Level 5.6 Shields
 + Level 0.2 Evocations


You had 8 spell levels left.
You didn't know any spells.
Your spell library contained the following spells:

 Spells                   Type           Power      Damage    Failure   Level
 Ensorcelled Hibernation  Hex/Ice        0%         N/A       63%         2
 Passwall                 Tmut/Erth      0%         N/A       63%         2
 Stone Arrow              Conj/Erth      0%         3d7       86%         3
 Swiftness                Air            0%         N/A       86%         3
 Animate Armour           Summ/Erth      0%         N/A       99%         4
 Lehudib's Crystal Spear  Conj/Erth      0%         10d2      100%        8


Dungeon Overview and Level Annotations

Branches:
Dungeon (8/15)             Temple (1/1) D:5          Bailey (visited)
   Lair: D:8-11

Altars:
Ashenzari
Dithmenos
Fedhas
Gozag
Hepliaklqana
Kikubaaqudgha
Makhleb
Nemelex Xobeh
Okawaru
Qazlal
Ru
Trog
Uskayaw
Vehumet
Wu Jian
Yredelemnul
Zin
The Shining One

Shops:
D:1 *

Annotations:
D:6 exclusion: statue
D:8 Erica


Message History

You closely miss something. Something hits you! Something burns you.
Something hits you. Something burns you.
You bump into the rock wall.
Something hits you. x2
You hit something but do no damage.
You feel less confused. Something hits you but does no damage.
You hit something. Something hits you.
You whack something! Something hits you but does no damage.
You closely miss something. Something hits you.
* * * LOW HITPOINT WARNING * * *
Something burns you.
* * * LOW HITPOINT WARNING * * *
You hit something. Something hits you!
* * * LOW HITPOINT WARNING * * *
Something burns you.
* * * LOW HITPOINT WARNING * * *
You hit something.
You feel better.
You hear some strange, mumbled words.
A lance of force appears from out of thin air!
The lance of force hits you!
* * * LOW HITPOINT WARNING * * *
You are knocked back by the lance of force.
You slam into the rock wall!
* * * LOW HITPOINT WARNING * * *
Unknown command.
Really quaff the potion of lignification?
You turn into a tree.
Your +0 cloak melds into your body.
Your +1 fire dragon scales melds into your body.
Your roots penetrate the ground.
Something hits you but does no damage.
You hear some strange, mumbled words.
Something tries to affect you, but you resist.
Okay, then.
Okay, then.
You cannot move.
You cannot move.
You cannot move.
You miss something. Something hits you but does no damage.
You hit something.
You feel better. Something hits you!
You die...
Your body crumbles into a pile of gold.

..## #..## ##...##....... ..##
##..# ##...###....... ...## #..##
##....###....... ....###
##..####......###...##. .#....##
#..##........###..###. ..#....###
#.......#....##...###.
.........###........#....#...##..
...>............{................
................♣.#..............
..............######.............
#........#..### ###...........
##......#...# #..###......
##..........# #..# ###....
...........## #..# ###.#
..#.#..)...### #.## #.. #
#...)∩)....## ##.# #.. #
###..)......### #..# ##..


There were no monsters in sight!

Vanquished Creatures
  Maggie (D:8)
  2 steam dragons
  A water moccasin (D:5)
  An orc warrior (Bailey)
  A sky beast (D:8)
  An ice beast (D:5)
  2 centaurs
  2 ogres
  A phantom (D:6)
  A kobold brigand (D:6)
  4 bullfrogs
  3 scorpions (D:4)
  A howler monkey (D:5)
  2 hounds
  A gnoll bouda (D:8)
  Natasha (thrice) (D:4)
  3 iguanas
  5 orc wizards
  11 adders
  14 gnolls
  4 shadow imps
  2 white imps
  4 ufetubi
  2 worms (D:2)
  2 dart slugs
  24 orcs
  5 endoplasms
  2 giant cockroaches
  8 goblins
  9 hobgoblins
  3 jackals (D:1)
  A quokka (D:1)
  9 ball pythons
  5 bats
  4 frilled lizards
  12 kobolds
  6 rats
  A spectral orc (D:3)
163 creatures vanquished.

Vanquished Creatures (others)
  6 demonic plants (D:5)
6 creatures vanquished.

Grand Total: 169 creatures vanquished

Notes
Turn   | Place    | Note
-------+----------+-------------------------------------------
     0 | D:1      | zeram the Hill Orc Fighter began the quest for the Orb.
     0 | D:1      | Reached XP level 1. HP: 19/19 MP: 1/1
    39 | D:1      | Reached XP level 2. HP: 21/27 MP: 2/2
   250 | D:1      | Found Buxausao's Assorted Antiques.
   311 | D:1      | Bought a scroll labelled DEUCIS UCYH for 29 gold pieces
   541 | D:1      | Found a faded altar of an unknown god.
   667 | D:1      | Reached XP level 3. HP: 31/33 MP: 3/3
  1290 | D:2      | Reached XP level 4. HP: 23/40 MP: 4/4
  2239 | D:3      | Found a basalt altar of Yredelemnul.
  2694 | D:4      | Noticed Natasha
  2699 | D:4      | Reached XP level 5. HP: 35/46 MP: 5/5
  2702 | D:4      | Killed Natasha
  2743 | D:4      | Noticed Natasha
  2754 | D:4      | Killed Natasha
  2755 | D:4      | Reached skill level 5 in Axes
  2764 | D:4      | Noticed Natasha
  2928 | D:4      | Killed Natasha
  2929 | D:4      | Reached XP level 6. HP: 40/53 MP: 6/6
  3449 | D:4      | Reached skill level 5 in Fighting
  3599 | D:4      | Found a glowing silver altar of Zin.
  4042 | D:4      | Reached skill level 5 in Armour
  4042 | D:4      | Reached XP level 7. HP: 55/61 MP: 7/7
  4271 | D:5      | Entered Level 5 of the Dungeon
  4374 | D:5      | Found a staircase to the Ecumenical Temple.
  4399 | D:5      | Reached skill level 1 in Dodging
  4407 | Temple   | Entered the Ecumenical Temple
  4573 | Temple   | Became a worshipper of Gozag Ym Sagoz the Greedy
  4686 | D:5      | Reached skill level 1 in Maces & Flails
  5123 | D:5      | Reached XP level 8. HP: 35/70 MP: 8/8
  6290 | D:6      | Reached skill level 1 in Stealth
  6395 | D:6      | Found a radiant altar of Vehumet.
  6630 | D:6      | Reached skill level 5 in Shields
  7076 | D:7      | Reached XP level 9. HP: 78/78 MP: 9/9
  7152 | D:7      | Reached skill level 5 in Maces & Flails
  8109 | D:8      | Noticed Maggie
  8131 | D:8      | Killed Maggie
  8375 | D:8      | Found a flagged portal.
  8381 | D:8      | Identified the +2 halberd of Etamu Zyixopt {freeze, rF+++
                  | rN++ Int-2}
  8454 | Bailey   | Entered a bailey
  8703 | Bailey   | Noticed an orc knight
  9018 | D:8      | Noticed Erica
  9452 | D:8      | Found a stormy altar of Qazlal.
  9798 | D:8      | HP: 2/79 [something/lance of force (9)]
  9801 | D:8      | Slain by Erica

Illustrated notes

Levels and vault maps discovered:
D:1:      dpeg_arrival_round_c, layout_loops_ring,
          shapermc_ecumenical_altar_mp_vishouse, serial_shops, shop
D:2:      layout_loops_cross, kennysheep_generic_room_12
D:3:      layout_loops_cross, yredelemnul_forgotten_temple_becter
D:4:      layout_loops_corners, zin_treasury, uniq_natasha
D:5:      layout_basic, minmay_temple_entry_waves, serial_demonic,
          serial_demonic_b, serial_demonic_a, serial_demonic_c,
          serial_demonic_g, st_stairs_10
D:6:      layout_loops_corners, vehumet_statue
D:7:      layout_gridville, chequers_serial_rivers_small_b
D:8:      layout_layer_cave, nicolae_qazlal_general_emergency, enter_bailey_2,
          item_on_display_a, uniq_maggie, uniq_grum, uniq_erica
Temple:   nicolae_temple_great_sept

Skill      XL: |  1  2  3  4  5  6  7  8  9 |
---------------+----------------------------+-----
Fighting       | 4 5 6 7 |  7.0
Axes           | 3 4 5 6 7 |  7.0
Shields        | 4 5 |  5.6
Armour         | 4 5 6 7 |  7.3
Dodging        | 1 2 3 |  3.0
Maces & Flails | 2 4 6 |  6.7
Stealth        | 1 |  1.6
Evocations     | |  0.2

Action                   |  1- 3 |  4- 6 |  7- 9 || total
-------------------------+-------+-------+-------++-------
Melee: War axe           |   107 |   137 |    10 ||   254
       Whip              |       |       |   564 ||   564
Evoke: Wand              |       |       |    20 ||    20
  Use: Scroll            |       |    11 |     5 ||    16
       Potion            |       |       |    10 ||    10
 Stab: Paralysed         |       |     2 |       ||     2
       Distracted        |       |       |     1 ||     1
Armor: Scale mail        |    55 |    11 |       ||    66
       Fire dragon scale |       |    45 |   188 ||   233
       Skin              |       |       |     2 ||     2
Dodge: Dodged            |    42 |    70 |   354 ||   466
Block: Buckler           |    21 |    30 |   135 ||   186
